 Dungeon Crawl Stone Soup version 0.25-a0-1007-g10a8c3caa8 (webtiles) character file.

Game seed: 17341536402848590744, levelgen mode: deterministic

60 wullow the Skirmisher (level 3, -2/33 HPs)
             Began as a Draconian Fighter on May 11, 2020.
             Slain by Crazy Yiuf
             ... wielding a +4 quarterstaff of chaos
              (14 damage)
             ... on level 2 of the Dungeon.
             The game lasted 00:02:30 (1821 turns).

wullow the Skirmisher (Draconian Fighter)           Turns: 1821, Time: 00:02:31

Health: -2/33      AC:  6    Str: 19    XL:     3   Next: 80%
Magic:  12/12      EV: 10    Int:  8    God:
Gold:   88         SH:  9    Dex: 10    Spells: 2/2 levels left

rFire    . . .     SeeInvis .   a - +0 rapier
rCold    . . .     Gourm    .   b - +0 kite shield
rNeg     . . .     Faith    .   (armour unavailable)
rPois    .         Spirit   .   (helmet restricted)
rElec    .         Reflect  .   (no cloak)
rCorr    .         Harm     .   (no gloves)
MR       .....                  g - +0 pair of boots
Stlth    +.........             (no amulet)
HPRegen  0.11/turn              m - ring of magical power
MPRegen  0.13/turn              u - ring of wizardry

@: no status effects
A: unfitting armour, cold-blooded, AC +5
a: no special abilities


You were on level 2 of the Dungeon.
You were not hungry.

You visited 1 branch of the dungeon, and saw 2 of its levels.

You collected 88 gold pieces.

Inventory:

Hand Weapons
 a - a +0 rapier (weapon)
 j - a +0 dagger
 o - a cursed -1 dagger
Missiles
 e - 51 stones (quivered)
 k - 15 sling bullets
 n - 19 arrows
 p - 4 silver javelins
Armour
 b - a +0 kite shield (worn)
 g - a +0 pair of boots (worn)
Jewellery
 m - a ring of magical power (left hand)
 u - a ring of wizardry (right hand)
Wands
 t - a wand of enslavement (8)
Scrolls
 h - a scroll of identify {unknown}
 q - a scroll of remove curse {unknown}
Potions
 c - 3 potions of might
 f - a potion of magic {unknown}
 i - a potion of haste {unknown}
 l - a potion of heal wounds {unknown}
 r - a potion of flight {unknown}
Comestibles
 d - 3 rations


   Skills:
 + Level 3.7 Fighting
 * Level 2.8 Short Blades
 - Level 3.0 Dodging
 * Level 3.7 Shields
 + Level 0.0 Evocations


You had 2 spell levels left.
You didn't know any spells.
Your spell library was empty.

Dungeon Overview and Level Annotations

Branches:
Dungeon (2/15)

Altars:
Kikubaaqudgha

Annotations:
D:2 Crazy Yiuf


Innate Abilities, Weirdness & Mutations

Your plain brown scales are hard. (AC +5)
You cannot fit into any form of body armour.
You are cold-blooded and may be slowed by cold attacks.


Message History

No target in view!
Crazy Yiuf shouts!
You open the door.
There is an open door here.
Some of the chunks of flesh in your inventory have rotted away.
Eating a chunk of flesh.
You eat the chunk of flesh.
This raw flesh tastes terrible.
There is an ancient bone altar of Kikubaaqudgha here.
There is an open door here.
There is an open door here.
Crazy Yiuf shouts!
You open the door.
Crazy Yiuf hits you with a +4 quarterstaff of chaos!
Crazy Yiuf burns you.
There is an open translucent door here.
You hit Crazy Yiuf but do no damage.
Crazy Yiuf yells, "Pitchfork!
Goldfish toodlewoodle light."
Crazy Yiuf hits you with a +4 quarterstaff of chaos!
You are electrocuted!
You die...

.............#.##...#...........#
....#####..#.#.##...#.###########
..........<..#.##..>#.##.........
.......#################.......).
.......# #......... .###...#
#......... .#.#.####♣♣ ####
#......... .#.....#..♣♣ ♣♣#..)#
#......... .#.........♣♣♣♣.@g..#
#......... .###........♣..♣#...#
#......... .# #...#...♣.♣♣♣ ####
#......... .# ######♣♣♣♣♣
#......... ## #.........
#......... ##########


You could see Crazy Yiuf.

Vanquished Creatures
  2 adders (D:2)
  An ooze (D:1)
  A dart slug (D:1)
  3 bats (D:1)
  3 giant cockroaches
  5 goblins
  4 hobgoblins
  3 jackals (D:1)
  3 kobolds (D:1)
  A quokka (D:2)
  A frilled lizard (D:2)
  7 rats
34 creatures vanquished.

Notes
Turn   | Place    | Note
-------+----------+-------------------------------------------
     0 | D:1      | wullow the Draconian Fighter began the quest for the Orb.
     0 | D:1      | Reached XP level 1. HP: 19/19 MP: 1/1
   177 | D:1      | Reached XP level 2. HP: 24/26 MP: 2/2
   541 | D:1      | Reached XP level 3. HP: 31/31 MP: 3/3
   922 | D:2      | Found an ancient bone altar of Kikubaaqudgha.
  1567 | D:2      | Found a runed translucent door.
  1568 | D:2      | Noticed Crazy Yiuf
  1821 | D:2      | Slain by Crazy Yiuf

Illustrated notes

Levels and vault maps discovered:
D:1:      minmay_arrival_solitary_statue, layout_rooms, grunt_decor_one_mirror
D:2:      layout_basic, lemuel_round_altar, uniq_crazy_yiuf_cottage

Skill      XL: |  1  2 |
---------------+-------+-----
Dodging        | 3 |  3.0
Fighting       | |  3.7
Short Blades   | |  2.8
Shields        | |  3.7

Action                   || total
-------------------------++-------
Melee: Rapier            ||   119
       Tailslap          ||    13
 Stab: Sleeping          ||     1
  Eat: Chunk             ||     3
Armor: Skin              ||    36
Dodge: Dodged            ||    50
Block: Kite shield       ||    56

Table legend:
 A = Non-vault XP
 B = Vault XP
 C = Vault XP percentage of total XP
 D = Non-vault monster count
 E = Vault monster count
 F = Vault count percentage of total count
                 A         B        C        D         E       F
            +---------+---------+-------+---------+---------+-------
      Total |      86 |       0 |   0.0 |      34 |       0 |   0.0
            +---------+---------+-------+---------+---------+-------
        D:1 |      44 |       0 |   0.0 |      23 |       0 |   0.0
        D:2 |      42 |       0 |   0.0 |      11 |       0 |   0.0
            +---------+---------+-------+---------+---------+-------
